 Dungeon Crawl Stone Soup version 0.28.0-43-g3370ac3207 (webtiles) character file.

Game seed: 12365839328611192425

353124 safid the Apostle (level 22, -6/220 HPs)
             Began as a Hill Orc Fighter on Mar 11, 2022.
             Was a High Priest of Beogh.
             Mangled by a walking earthen tome (12 damage)
             ... while petrified by a living spell
             ... on level 3 of the Depths on Mar 12, 2022.
             The game lasted 02:53:45 (54479 turns).

safid the Apostle (Hill Orc Fighter)               Turns: 54479, Time: 02:53:45

Health: -6/220     AC: 38    Str: 32      XL:     22   Next: 27%
Magic:  7/39       EV:  2    Int: 11 (12) God:    Beogh [*****.]
Gold:   1666       SH:  0    Dex: 12      Spells: 21/21 levels left

rFire   + + .      SeeInvis .   n - +9 war axe (vorpal)
rCold   + + +      Faith    .   m - +0 kite shield
rNeg    + + +      Spirit   .   T - +6 gold dragon scales
rPois   ∞          Reflect  .   K - +0 helmet
rElec   .          Harm     .   s - +0 cloak
rCorr   +          Rampage  .   h - +3 Mad Mage's Maulers {Infuse+∞ RegenMP Int-3}
Will    ++...      Clarity  +   U - +2 pair of boots
Stlth   ..........              d - amulet of Beogh's Wrath {Will+ Regen+ Dex+2}
HPRegen 1.26/turn               l - ring "Esistreow" {rC+ Str+2 Int+3}
MPRegen 0.66/turn               z - ring of Maschog {rPois rF+ rCorr Int+4}

@: petrified, studying Crossbows
A: walk on water, large bone plates 1, clarity, cold resistance 1, passive
freeze
}: 2/15 runes: serpentine, barnacled
a: Renounce Religion, Smiting, Recall Orcish Followers, Give Item to Named
Follower


You were on level 3 of the Depths.
You worshipped Beogh.
Beogh was extremely pleased with you.
You visited 8 branches of the dungeon, and saw 40 of its levels.
You also visited: Gauntlet.

You collected 3816 gold pieces.
You spent 2150 gold pieces at shops.

Inventory:

Hand Weapons
 n - a +9 vorpal war axe (weapon)
Missiles
 a - 55 poisoned darts (quivered)
 o - 8 javelins
 y - 11 throwing nets
 B - 9 curare-tipped darts
 S - 21 silver javelins
Armour
 h - the +3 Mad Mage's Maulers (worn) {Infuse+∞ RegenMP Int-3}
   (You acquired it on level 5 of the Dungeon)

   It empowers its wearer's blows with all of their magic.
   It causes its wearer's magical reserves to regenerate more quickly.
   Int:       It affects your intelligence (-3).
 m - a +0 kite shield (worn)
 s - a +0 cloak (worn)
 K - a +0 helmet (worn)
 T - +6 gold dragon scales (worn)
 U - a +2 pair of boots (worn)
Jewellery
 c - a ring of positive energy
 d - the amulet of Beogh's Wrath (around neck) {Will+ Regen+ Dex+2}
   (You found it on level 2 of the Orcish Mines)

   [amulet of regeneration]

   Dex:       It affects your dexterity (+2).
   Regen:     It increases your rate of health regeneration.
   Will:      It increases your willpower.
 l - the ring "Esistreow" (left hand) {rC+ Str+2 Int+3}
   (You found it on level 11 of the Dungeon)

   [ring of protection from cold]

   Str:       It affects your strength (+2).
   Int:       It affects your intelligence (+3).
   rC:        It protects you from cold.
 z - the ring of Maschog (right hand) {rPois rF+ rCorr Int+4}
   (You acquired it on level 1 of the Elven Halls)

   [ring of resist corrosion]

   Int:       It affects your intelligence (+4).
   rF:        It protects you from fire.
   rPois:     It protects you from poison.
   rCorr:     It protects you from acid and corrosion.
 N - a ring of see invisible
Wands
 e - a wand of mindburst (41)
 x - a wand of digging (12)
 D - a wand of iceblast (36)
 E - a wand of polymorph (14)
 G - a wand of flame (80)
 J - a wand of acid (8)
 Q - a wand of paralysis (11)
 X - a wand of charming (1)
Scrolls
 f - 4 scrolls of fear
 i - 7 scrolls of blinking
 k - 7 scrolls of fog
 q - 4 scrolls of holy word
 C - 2 scrolls of magic mapping
 L - 12 scrolls of teleportation
 Y - 2 scrolls of summoning
 Z - a scroll of silence
Potions
 b - 4 potions of magic
 g - 4 potions of mutation
 j - 2 potions of heal wounds
 r - 2 potions of flight
 t - 5 potions of resistance
 u - 6 potions of lignification
 w - a potion of ambrosia
 A - 21 potions of curing
 H - a potion of cancellation
 I - 3 potions of berserk rage
 M - 6 potions of might
 P - 2 potions of invisibility
 R - 8 potions of haste
Miscellaneous
 v - a phial of floods
 F - a lightning rod (4/4)
 O - a tin of tremorstones (2/2)
 V - a phantom mirror


   Skills:
 + Level 23.1 Fighting
 - Level 16.0 Axes
 - Level 8.0 Throwing
 - Level 16.0 Armour
 - Level 6.0 Dodging
 - Level 15.0 Shields
 + Level 26.5 Invocations
 - Level 12.0 Evocations


You had 21 spell levels left.
You didn't know any spells.
Your spell library contained the following spells:

 Spells                   Type           Power      Damage    Failure   Level
 Animate Skeleton         Necr           0%         N/A       100%        1
 Apportation              Tloc           0%         N/A       100%        1
 Beastly Appendage        Tmut           0%         N/A       100%        1
 Shock                    Conj/Air       0%         1d3       100%        1
 Sting                    Tmut/Pois      0%         1d3       100%        1
 Summon Small Mammal      Summ           0%         N/A       100%        1
 Poisonous Vapours        Pois/Air       0%         N/A       100%        2
 Scorch                   Fire           0%         2d5       100%        2
 Static Discharge         Conj/Air       0%         N/A       100%        2
 Wereblood                Tmut           0%         N/A       100%        2
 Dazzling Flash           Conj/Hex       0%         N/A       100%        3
 Portal Projectile        Hex/Tloc       0%         N/A       100%        3
 Spider Form              Tmut/Pois      0%         N/A       100%        3
 Stone Arrow              Conj/Erth      0%         3d7       100%        3
 Summon Guardian Golem    Hex/Summ       0%         N/A       100%        3
 Swiftness                Air            0%         N/A       100%        3
 Airstrike                Air            0%         N/A       100%        4
 Animate Armour           Summ/Erth      0%         N/A       100%        4
 Dispel Undead            Necr           0%         3d6       100%        4
 Flame Wave               Conj/Fire      0%         2d4       100%        4
 Olgreb's Toxic Radiance  Pois           0%         N/A       100%        4
 Passage of Golubria      Tloc           0%         N/A       100%        4
 Sticky Flame             Conj/Fire      0%         2d3       100%        4
 Summon Ice Beast         Ice/Summ       0%         N/A       100%        4
 Summon Lightning Spire   Summ/Air       0%         N/A       100%        4
 Agony                    Necr           0%         N/A       100%        5
 Blade Hands              Tmut           0%         N/A       100%        5
 Excruciating Wounds      Necr           0%         N/A       100%        5
 Iskenderun's Battlesphe  Conj           0%         2d6       100%        5
 Lightning Bolt           Conj/Air       0%         1d11      100%        5
 Silence                  Hex/Air        0%         N/A       100%        5
 Summon Mana Viper        Hex/Summ       0%         N/A       100%        5
 Iron Shot                Conj/Erth      0%         9d1       100%        6
 Summon Cactus Giant      Summ           0%         N/A       100%        6
 Monstrous Menagerie      Summ           0%         N/A       100%        7
 Orb of Destruction       Conj           0%         9d5       100%        7
 Spellforged Servitor     Conj/Summ      0%         N/A       100%        7
 Lehudib's Crystal Spear  Conj/Erth      0%         10d2      100%        8


Dungeon Overview and Level Annotations

Branches:
Dungeon (15/15)            Temple (0/1) D:6            Lair (6/6) D:10
 Shoals (4/4) Lair:3        Snake (4/4) Lair:4        Slime (0/5) Lair:6
    Orc (2/2) D:11            Elf (2/3) Orc:2        Vaults (4/5) D:13
  Crypt (0/3) Vaults:3     Depths (3/4) D:15        Gauntlet (visited)

Altars:
Elyvilon
Fedhas
Gozag
Makhleb
Nemelex Xobeh
Okawaru
Trog
Uskayaw
Vehumet
Wu Jian
Xom
Zin
The Shining One
Beogh

Shops:
D:9 [   D:10 =   Orc:2 ?(=!   Elf:2 (   Snake:1 *(   Snake:2 :?:(   Vaults:1 [
Vaults:2 *   Vaults:4 ![   Depths:2 [**   Depths:3 ?

Portals:
Hell: Lair:6 Depths:1 Depths:2
Abyss: Depths:1 Depths:2
Pandemonium: Depths:2

Annotations:
Lair:2 2 transporters, pkoi's ghost, journeyman DrMo
Lair:4 3 runed translucent doors, demenzo's ghost, journeyman OgBe
Elf:2 3 runed translucent doors
Vaults:2 1 runed translucent door, vegansnacktivist's ghost, adept DDFi
Vaults:4 2 transporters, casual's ghost, veteran MiMo


Innate Abilities, Weirdness & Mutations

You can walk on water.
You are partially covered in large bone plates. (SH +4)
You possess an exceptional clarity of mind.
Your flesh is cold resistant. (rC+)
A frigid envelope surrounds you and freezes all who hurt you.


Message History

Deactivating autopickup; reactivate with Ctrl-A.
The spriggan defender hits you with a +4 lajatang of electrocution.
The spriggan defender is very cold.
The spriggan defender is heavily wounded.
The tengu warrior hits you but does no damage.
The tengu warrior resists.
The tengu warrior is very cold.
The tengu warrior is lightly wounded.
The tengu warrior pecks you but does no damage.
The tengu warrior resists.
The tengu warrior is very cold.
The tengu warrior is lightly wounded.
The tengu warrior claws you but does no damage.
The tengu warrior resists.
The tengu warrior is very cold.
The tengu warrior is lightly wounded.
The walking earthen tome hits you but does no damage.
The spriggan defender completely misses you.
The storm dragon bites you but does no damage.
The storm dragon resists.
The storm dragon is very cold.
The storm dragon is heavily wounded.
The storm dragon claws you but does no damage.
The storm dragon resists.
The storm dragon is very cold.
The storm dragon is heavily wounded.
The storm dragon tramples you but does no damage.
The storm dragon resists.
The storm dragon is very cold.
The storm dragon is heavily wounded.
The spriggan rider hits you but does no damage.
The living spell casts itself at you.
You hear some strange, mumbled words.
The tengu warrior hits you but does no damage.
The tengu warrior resists.
The tengu warrior is very cold.
The tengu warrior is moderately wounded.
The tengu warrior pecks you but does no damage.
The tengu warrior claws you but does no damage.
The tengu warrior completely resists.
The red ugly thing pecks you but does no damage.
The spriggan defender hits you with a +4 lajatang of electrocution!
* * * LOW HITPOINT WARNING * * *
The spriggan defender is very cold.
The spriggan defender is heavily wounded.
The walking earthen tome hits you!!
You die...

..$..≈≈≈.≈.........
...≈≈≈≈≈≈≈≈........
...≈≈≈≈≈≈≈≈≈.......
#≈≈≈≈≈≈≈≈≈≈≈......
#.≈≈≈...{≈≈....C..
#≈≈≈≈.<.≈≈≈≈§.....
..≈≈≈≈..§≈i≈i....(#
...≈≈≈≈≈≈≈QDCT..#.
....≈≈≈≈≈≈@iT...#
∩...≈≈≈≈≈Gu;.)....#
.....≈≈....*..##..#
.....###........ ..
..... ............
............
...........P.
..............


You could see a storm dragon (catching breath), a frost giant, a walking earthen
tome, a stone giant, 2 spriggan defenders, a red ugly thing, a spriggan rider, a
tengu warrior, a glowing orange brain, a deep troll, a deep troll shaman and a
living spell (summoned).

Vanquished Creatures
  A juggernaut (Depths:2)
  Bai Suzhen (Vaults:4)
  A caustic shrike (Depths:2)
  A golden dragon (Depths:2)
  Jory (Vaults:2)
  Rupert (D:15)
  2 liches
  A quicksilver dragon (Depths:3)
  3 sphinxes
  A tengu reaver (Depths:1)
  A shadow dragon (Depths:2)
  Donald (Shoals:2)
  A storm dragon (Vaults:4)
  A revenant (Vaults:3)
  3 nagarajas
  2 fire giants
  A deep elf sorcerer (Elf:1)
  10 vault wardens
  Aizul (Snake:1)
  2 frost giants (Depths:2)
  A ghoul (Vaults:3)
  11 ironbound preservers
  An ironbound thunderhulk (Vaults:3)
  A war gargoyle (Vaults:2)
  10 very ugly things
  A vampire knight (Vaults:3)
  7 stone giants
  5 dire elephants
  An eleionoma (shapeshifter) (Depths:2)
  An entropy weaver (Vaults:4)
  3 minotaurs
  A spark wasp (shapeshifter) (Depths:1)
  4 ettins (Depths:2)
  A merfolk javelineer (Shoals:4)
  3 merfolk impalers
  2 ice dragons
  A fire dragon (Depths:2)
  7 naga warriors
  4 yaktaur captains
  A rakshasa (Depths:2)
  2 great orbs of eyes
  2 vault guards
  Erolcha (D:9)
  12 hydras
  Harold (D:7)
  A merfolk avatar (Shoals:3)
  An ogre mage (D:15)
  3 spriggan air magi (Depths:2)
  A salamander tyrant (Snake:3)
  5 boulder beetles
  A catoblepas (D:14)
  An alligator snapping turtle (Shoals:3)
  3 ironbound frosthearts
  7 anacondas
  A merfolk aquamancer (Shoals:2)
  4 two-headed ogres
  10 satyrs
  19 centaur warriors
  6 dancing weapons
  2 deep troll shamans (Depths:2)
  A death scarab (Gauntlet)
  3 hell hogs (Depths:1)
  An orc high priest (Orc:2)
  4 deep troll earth magi
  5 death yaks
  5 shock serpents
  12 naga sharpshooters
  4 deep elf knights
  3 soul eaters (Depths:1)
  Sonja (Lair:1)
  A hell knight (Depths:1)
  3 salamander mystics
  A skeletal warrior (D:11)
  A sixfirhy (Lair:6)
  A goliath frog (shapeshifter) (Depths:2)
  41 deep trolls
  11 sea snakes
  2 glowing orange brains
  An iron troll (Depths:1)
  7 ironbound convokers
  4 naga ritualists
  5 lindwurms
  19 harpies
  A steelbarb worm (shapeshifter) (Vaults:4)
  4 wizards
  10 deep elf zephyrmancers
  5 deep elf archers
  A harpy (shapeshifter) (D:14)
  A spectral hydra (Gauntlet)
  13 deep elf pyromancers
  A necromancer (Vaults:4)
  4 orc knights
  7 salamanders
  24 ugly things
  9 elephants
  3 orc sorcerers (Orc:2)
  7 cyclopes
  4 mana vipers
  14 fauns
  17 manticores
  5 merfolk sirens
  A worldbinder (Gauntlet)
  A guardian serpent (Snake:1)
  22 black mambas
  A rust devil (Depths:2)
  14 naga magi
  11 vault sentinels
  4 orange demons (Lair:6)
  6 water nymphs
  18 cane toads
  A smoke demon (Lair:6)
  An eye of devastation (Depths:1)
  4 gargoyles
  28 yaktaurs
  4 rime drakes
  10 komodo dragons
  3 tengu conjurers (Depths:1)
  A kobold demonologist (D:11)
  An efreet (D:14)
  19 merfolk
  5 trolls
  A polar bear (shapeshifter) (D:15)
  A polar bear (Lair:5)
  A hornet (D:7)
  2 wind drakes
  6 meliai
  4 blink frogs
  21 slime creatures
  5 dream sheep
  7 snapping turtles
  Sigmund (D:3)
  An air elemental (Elf:1)
  2 shadows
  3 wraiths
  A human (shapeshifter) (D:13)
  4 wyverns
  3 fire elementals
  62 yaks
  11 water elementals
  3 fire bats (Lair:3)
  2 golden eyes (Depths:1)
  2 basilisks
  A yak (shapeshifter) (D:14)
  A steam dragon (Lair:4)
  8 vampire mosquitoes
  3 wargs
  51 nagas
  2 acid dragons
  3 floating eyes
  20 water moccasins
  4 hell hounds (Lair:6)
  A sky beast (D:8)
  17 orc warriors
  A black bear (D:6)
  4 ice beasts
  18 ogres
  A necrophage (D:6)
  3 boggarts (Gauntlet)
  3 centaurs
  43 wolves
  13 bullfrogs
  4 kobold brigands
  A gnoll sergeant (D:11)
  3 scorpions
  A water moccasin zombie (D:5)
  An earth elemental (Elf:1)
  A wyvern zombie (D:7)
  A hornet simulacrum (D:15)
  4 killer bees (D:8)
  5 howler monkeys
  5 wights (D:7)
  4 electric eels
  A bullfrog zombie (D:6)
  6 centaur zombies
  2 human simulacra (Vaults:3)
  A centaur skeleton (D:6)
  5 orc priests
  A gnoll shaman (D:7)
  2 hounds (D:6)
  3 jellies
  7 orc wizards
  Natasha (thrice) (D:3)
  A killer bee zombie (D:5)
  8 gnolls
  9 adders
  A howler monkey skeleton (D:7)
  2 shadow imps
  A white imp (D:6)
  An ufetubus (D:6)
  A worm (shapeshifter) (Elf:2)
  3 dart slugs
  44 orcs
  5 ball pythons
  5 bats
  7 endoplasms
  2 giant cockroaches
  8 hobgoblins
  2 jackals (D:3)
  22 kobolds
  A quokka (D:2)
  3 frilled lizards
  4 goblins
  3 goblin skeletons (D:5)
  A goblin zombie (D:5)
  3 hobgoblin zombies (D:5)
  A kobold skeleton (D:5)
  An orc zombie (D:5)
  9 rats
1155 creatures vanquished.

Vanquished Creatures (collateral kills)
  Mara (Vaults:3)
  Jorgrun (D:13)
  A lich (Depths:2)
  Asterion (Elf:2)
  The ghost of Dadghomedgh the Thaumaturge, an adept GnWz of Sif Muna (Snake:2)
  3 sphinxes
  A kraken (Shoals:3)
  A tengu reaver (Depths:2)
  A revenant (Vaults:3)
  6 nagarajas
  3 vault wardens
  An orc warlord (Vaults:2)
  Louise (Depths:2)
  4 ironbound preservers
  A reaper (Depths:1)
  An ironbound thunderhulk (Vaults:1)
  A deep elf demonologist (Elf:2)
  A dire elephant (Lair:6)
  Snorg (D:13)
  A fire dragon (Depths:2)
  2 merfolk impalers
  A yaktaur captain (Vaults:3)
  A rakshasa (Depths:2)
  2 hydras
  7 vault guards (D:13)
  7 naga warriors
  A boulder beetle (Lair:5)
  An ice dragon (Depths:2)
  4 anacondas
  A hell beast (Depths:1)
  A peacekeeper (Vaults:3)
  2 salamander tyrants
  An ironbound frostheart (Vaults:1)
  A catoblepas (Lair:6)
  A two-headed ogre (D:15)
  3 dancing weapons (Elf:2)
  2 centaur warriors (Vaults:2)
  3 satyrs
  A hell hog (Depths:1)
  2 orc high priests (Orc:2)
  A tengu warrior (D:15)
  7 death yaks
  A deep troll earth mage (Depths:2)
  7 naga sharpshooters
  3 deep elf knights
  A spriggan berserker (Depths:2)
  A hell knight (Depths:1)
  2 soul eaters (Depths:1)
  A spriggan (Depths:2)
  2 sun demons (Depths:1)
  4 salamander mystics (Snake:4)
  5 skeletal warriors
  A naga ritualist (Snake:4)
  15 deep trolls
  3 sea snakes
  3 glowing orange brains
  7 wizards
  An orc knight (D:13)
  A lindwurm (Vaults:4)
  5 deep elf archers
  9 deep elf pyromancers
  An ironbound convoker (Vaults:3)
  2 necromancers (Vaults:3)
  9 ugly things
  5 deep elf zephyrmancers
  3 mana vipers
  8 harpies
  6 manticores
  An orc sorcerer (Orc:2)
  13 fauns
  A cyclops (D:13)
  6 salamanders
  A centaur zombie (D:11)
  18 black mambas
  6 guardian serpents
  3 merfolk sirens
  A frost giant skeleton (Vaults:3)
  7 naga magi
  6 vault sentinels
  2 water nymphs
  3 elephants (Lair:6)
  2 eyes of devastation (Depths:1)
  A gargoyle (D:12)
  3 cane toads
  7 yaktaurs
  5 komodo dragons
  An ice devil (Lair:6)
  A troll (D:12)
  A polar bear (Lair:6)
  11 merfolk
  A wind drake (Shoals:4)
  A hornet (Depths:2)
  6 slime creatures
  A fire giant simulacrum (Vaults:3)
  3 blink frogs
  2 snapping turtles (Shoals:1)
  A vampire (D:13)
  16 yaks
  A shadow (D:13)
  A spriggan (shapeshifter) (D:15)
  2 basilisks
  A fire bat (Lair:3)
  A wyvern (Lair:6)
  3 water elementals
  A golden eye (Depths:1)
  5 vampire mosquitoes
  17 nagas
  An acid dragon (D:10)
  A hell hound (Lair:6)
  2 water moccasins (Lair:2)
  5 orc warriors
  14 wolves
  An ogre (Orc:2)
  5 bullfrogs
  An electric eel (D:12)
  2 jellies (Lair:6)
  4 orc priests
  An orc wizard (D:12)
  11 orcs
  2 kobolds (D:9)
403 creatures vanquished.

Vanquished Creatures (others)
  2 orc warlords (Snake:4)
  An orc high priest (Snake:4)
  12 orc knights
  3 orc sorcerers
  4 dream sheep (D:8)
  A naga (Snake:1)
  12 orc warriors
  11 orc priests
  7 orc wizards
  24 orcs
  A bush (Lair:6)
  48 fungi
  292 plants
  4 tentacles (Shoals:3)
  7 withered plants
429 creatures vanquished.

Grand Total: 1987 creatures vanquished

Notes
Turn   | Place    | Note
-------+----------+-------------------------------------------
     0 | D:1      | safid the Hill Orc Fighter began the quest for the Orb.
     0 | D:1      | Reached XP level 1. HP: 19/19 MP: 1/1
   578 | D:1      | Reached XP level 2. HP: 27/27 MP: 2/2
   794 | D:2      | Reached XP level 3. HP: 6/33 MP: 3/3
  1388 | D:2      | Reached XP level 4. HP: 27/40 MP: 4/4
  2001 | D:3      | Noticed Natasha
  2007 | D:3      | Killed Natasha
  2008 | D:3      | Reached skill level 5 in Axes
  2008 | D:3      | Reached XP level 5. HP: 41/46 MP: 5/5
  2028 | D:3      | Noticed Sigmund
  2044 | D:3      | Killed Sigmund
  2045 | D:3      | Reached XP level 6. HP: 35/52 MP: 6/6
  2097 | D:3      | Noticed Natasha
  2101 | D:3      | Killed Natasha
  2358 | D:3      | Found a faded altar of an unknown god.
  2421 | D:3      | Noticed Natasha
  2425 | D:3      | Killed Natasha
  2637 | D:4      | Found an opulent altar of Gozag.
  2729 | D:4      | Became a worshipper of Beogh the Brigand
  2742 | D:4      | Reached XP level 7. HP: 51/59 MP: 7/7
  3348 | D:5      | Entered Level 5 of the Dungeon
  3380 | D:5      | Found a glowing golden altar of the Shining One.
  3563 | D:5      | Reached skill level 10 in Axes
  3608 | D:5      | Reached * piety under Beogh
  3672 | D:5      | Found an ornate altar of the Wu Jian Council.
  3686 | D:5      | Reached XP level 8. HP: 66/66 MP: 8/8
  3827 | D:5      | Gained mutation: A frigid envelope surrounds you and
                  | freezes all who hurt you. [potion of mutation]
  3827 | D:5      | Gained mutation: Your flesh is cold resistant. (rC+)
                  | [potion of mutation]
  3827 | D:5      | Gained mutation: You are partially covered in large bone
                  | plates. (SH +4) [potion of mutation]
  3827 | D:5      | Gained mutation: You possess an exceptional clarity of
                  | mind. [potion of mutation]
  3827 | D:5      | HP: 3/66 [poisoned by a water moccasin]
  4144 | D:5      | Identified 2 scrolls of acquirement
  4149 | D:5      | Acquired the +3 Mad Mage's Maulers {Infuse+∞ RegenMP Int-3}
  4149 | D:5      | Found the +3 Mad Mage's Maulers {Infuse+∞ RegenMP Int-3}
  4156 | D:5      | Acquired a +4 vorpal war axe
  4298 | D:6      | Reached XP level 9. HP: 43/71 MP: 0/9
  4420 | D:6      | Identified the +6 hand axe of Conscience {protect, rElec
                  | rPois SInv}
  4450 | D:6      | Found a staircase to the Ecumenical Temple.
  4453 | D:6      | Identified the +6 falchion of Nosocuy {flame, rN+ Str+3}
  4736 | D:7      | Reached ** piety under Beogh
  4803 | D:7      | Reached skill level 15 in Axes
  4893 | D:7      | Noticed Harold
  4912 | D:7      | Killed Harold
  4913 | D:7      | Reached skill level 1 in Invocations
  4913 | D:7      | Reached skill level 1 in Evocations
  4975 | D:7      | Reached skill level 1 in Dodging
  4976 | D:7      | Noticed a hornet
  4983 | D:7      | Killed a hornet
  4984 | D:7      | Reached skill level 2 in Invocations
  4986 | D:7      | Reached XP level 10. HP: 74/80 MP: 0/11
  5012 | D:7      | Found a glowing silver altar of Zin.
  5013 | D:7      | Found Zin's Purification Station.
  5098 | D:7      | Found a white marble altar of Elyvilon.
  5143 | D:7      | Reached skill level 5 in Fighting
  5143 | D:7      | Reached skill level 3 in Invocations
  5171 | D:7      | Found a blossoming altar of Fedhas.
  5234 | D:7      | Reached skill level 5 in Armour
  5398 | D:7      | Found a hide-covered altar of Uskayaw.
  5638 | D:8      | Reached *** piety under Beogh
  5664 | D:8      | Found a sparkling altar of Nemelex Xobeh.
  5746 | D:8      | Noticed a two-headed ogre
  5752 | D:8      | Killed a two-headed ogre
  5753 | D:8      | Reached skill level 4 in Invocations
  5879 | D:8      | Identified the +1 leather armour "Koodoesch" {Int+3}
  5907 | D:8      | Found a shimmering altar of Xom.
  6151 | D:9      | Reached skill level 5 in Invocations
  6220 | D:9      | Reached skill level 6 in Invocations
  6229 | D:9      | Reached XP level 11. HP: 85/92 MP: 0/15
  6321 | D:9      | Found Aloaskaq's Antique Armour Boutique.
  6331 | D:9      | Reached skill level 5 in Evocations
  6378 | D:9      | Noticed Erolcha
  6403 | D:9      | Killed Erolcha
  6404 | D:9      | Reached skill level 7 in Invocations
  6569 | D:9      | Found a bloodstained altar of Trog.
  6635 | D:9      | Found an iron altar of Okawaru.
  7115 | D:10     | Entered Level 10 of the Dungeon
  7124 | D:10     | Reached **** piety under Beogh
  7210 | D:10     | Identified the +3 spear of the Saving Seeker {pain, Will+}
  7331 | D:10     | Found a burning altar of Makhleb.
  7575 | D:10     | Found a staircase to the Lair.
  7589 | D:10     | Found Baddutol's Jewellery Emporium.
  7679 | D:10     | Noticed a centaur warrior
  7698 | D:10     | Killed a centaur warrior
  7698 | D:10     | Gained Oreg as an ally
  7699 | D:10     | Reached skill level 8 in Invocations
  7882 | Lair:1   | Entered Level 1 of the Lair of Beasts
  8056 | Lair:1   | Noticed Sonja
  8061 | Lair:1   | Killed Sonja
  8185 | Lair:1   | Noticed a seven-headed hydra
  8189 | Lair:1   | Killed a seven-headed hydra
  8190 | Lair:1   | Reached XP level 12. HP: 105/105 MP: 7/18
  8519 | Lair:1   | Reached skill level 10 in Fighting
  9162 | Lair:2   | Found a transporter.
  9177 | Lair:2   | Found a transporter.
  9178 | Lair:2   | Noticed pkoi's ghost (journeyman DrMo)
  9295 | Lair:2   | Reached skill level 10 in Armour
  9842 | Lair:2   | Noticed a five-headed hydra
  9844 | Lair:2   | Killed a five-headed hydra
  9845 | Lair:2   | Reached skill level 9 in Invocations
 10538 | Lair:3   | Reached XP level 13. HP: 87/118 MP: 5/20
 10772 | Lair:3   | Reached skill level 10 in Invocations
 11034 | Lair:3   | Found a staircase to the Shoals.
 11818 | Lair:4   | Reached skill level 11 in Invocations
 12085 | Lair:4   | Found a staircase to the Snake Pit.
 12306 | Lair:4   | Reached skill level 12 in Invocations
 12826 | Lair:4   | Noticed demenzo's ghost (journeyman OgBe)
 12874 | Lair:4   | Found a runed translucent gate.
 12875 | Lair:4   | Found a runed translucent gate.
 12875 | Lair:4   | Found a runed translucent gate.
 13074 | Lair:5   | Reached skill level 13 in Invocations
 13231 | Lair:5   | Identified the +1 whip "Cagais" {flame, rElec rC+ Will+}
 13338 | Lair:5   | Reached ***** piety under Beogh
 13403 | Lair:5   | Reached XP level 14. HP: 109/126 MP: 1/24
 13755 | Lair:5   | You fall into a shaft and drop 1 floor!
 13755 | Lair:6   | Entered Level 6 of the Lair of Beasts
 13799 | Lair:6   | Reached skill level 14 in Invocations
 14274 | Lair:6   | Reached skill level 15 in Invocations
 14828 | Lair:6   | Found a staircase to the Slime Pits.
 15115 | Lair:6   | Reached skill level 16 in Invocations
 15589 | Lair:6   | Noticed a dire elephant
 15600 | Lair:6   | Killed a dire elephant
 15690 | Lair:6   | Reached skill level 17 in Invocations
 15699 | Lair:6   | Found a burning altar of Makhleb.
 15716 | Lair:6   | Reached XP level 15. HP: 76/138 MP: 1/27
 15719 | Lair:6   | Reached ****** piety under Beogh
 15854 | Lair:6   | Found a gateway to Hell.
 15861 | Lair:6   | Identified the +10 lajatang of Neng {flame, Fly}
 16509 | D:11     | Reached skill level 18 in Invocations
 16598 | D:11     | Found a staircase to the Orcish Mines.
 16655 | Orc:1    | Entered Level 1 of the Orcish Mines
 17385 | Orc:2    | Entered Level 2 of the Orcish Mines
 18093 | Orc:2    | Found a staircase to the Elven Halls.
 18188 | Orc:2    | Identified the amulet of Beogh's Wrath {Will+ Regen+ Dex+2}
 18307 | Orc:2    | Noticed an orc warlord
 18389 | Orc:2    | Found a roughly hewn altar of Beogh.
 18412 | Orc:2    | Found Lallibri's Magic Scroll Shop.
 18475 | Orc:2    | Bought a scroll of enchant weapon for 105 gold pieces
 18475 | Orc:2    | Bought a scroll of teleportation for 42 gold pieces
 18475 | Orc:2    | Bought a scroll of identify for 28 gold pieces
 18476 | Orc:2    | Bought a scroll of identify for 28 gold pieces
 18476 | Orc:2    | Bought 2 scrolls of enchant weapon for 210 gold pieces
 18578 | Orc:2    | Gained Orik as an ally
 18579 | Orc:2    | Found Cujuss's Weapon Shoppe.
 18584 | Orc:2    | Your ally Orik died
 18840 | Orc:2    | Found a roughly hewn altar of Beogh.
 18951 | Orc:2    | Found Plog's Distillery.
 18956 | Orc:2    | Bought a potion of haste for 130 gold pieces
 18956 | Orc:2    | Bought a potion of curing for 39 gold pieces
 18956 | Orc:2    | Bought a potion of resistance for 130 gold pieces
 18956 | Orc:2    | Bought a potion of curing for 39 gold pieces
 18956 | Orc:2    | Bought a potion of curing for 39 gold pieces
 18962 | Orc:2    | Found Doarph's Jewellery Shop.
 20075 | D:11     | Identified the ring "Esistreow" {rC+ Str+2 Int+3}
 20119 | D:11     | Noticed a fire giant
 20124 | D:11     | Killed a fire giant
 20557 | D:12     | Found a gate leading to a gauntlet.
 20568 | Gauntlet | Entered a Gauntlet
 20568 | Gauntlet | Found a transporter.
 20578 | Gauntlet | Found a transporter.
 20580 | Gauntlet | Found a transporter.
 20591 | Gauntlet | Found a transporter.
 20594 | Gauntlet | Found a transporter.
 20598 | Gauntlet | Found a runed translucent door.
 20599 | Gauntlet | Found a runed translucent door.
 20602 | Gauntlet | Found a transporter.
 20622 | Gauntlet | Found the brooch of Shielding {Spirit SH+8}
 20623 | Gauntlet | Found a transporter.
 20634 | Gauntlet | Found a transporter.
 20645 | Gauntlet | Found a transporter.
 20664 | Gauntlet | Found a transporter.
 20678 | Gauntlet | Found a transporter.
 20678 | Gauntlet | Found a transporter.
 20726 | Gauntlet | Found a transporter.
 20740 | Gauntlet | Found a transporter.
 22403 | D:13     | Reached skill level 15 in Fighting
 22429 | D:13     | Noticed Jorgrun
 22543 | D:13     | Killed Jorgrun
 22544 | D:13     | Reached skill level 19 in Invocations
 22547 | D:13     | Your ally Oreg died
 22550 | D:13     | Reached XP level 16. HP: 65/149 MP: 1/29
 22653 | D:13     | Noticed Snorg
 22658 | D:13     | Killed Snorg
 22659 | D:13     | Reached skill level 5 in Dodging
 23233 | D:13     | Found a gate to the Vaults.
 24112 | D:14     | Reached skill level 10 in Evocations
 24472 | D:15     | Entered Level 15 of the Dungeon
 24572 | D:15     | Gained Bolgrim as an ally
 24789 | D:15     | Found a staircase to the Depths.
 24833 | D:15     | Gained Korbok as an ally
 24835 | D:15     | Identified the +2 robe "Pietwidgh" {rCorr Int+4}
 24887 | D:15     | Noticed Rupert
 24891 | D:15     | Killed Rupert
 25934 | Elf:1    | Entered Level 1 of the Elven Halls
 26291 | Elf:1    | Gained Urtork as an ally
 26449 | Elf:1    | Reached skill level 5 in Shields
 27029 | Elf:1    | Paralysed by an air elemental for 1 turns
 27215 | Elf:1    | Acquired the ring of Maschog {rPois rF+ rCorr Int+4}
 27350 | Elf:2    | Found Kiudoc's Antique Weapon Shop.
 27393 | Elf:2    | Noticed Asterion
 27400 | Elf:2    | Reached skill level 20 in Invocations
 27400 | Elf:2    | Killed Asterion
 27560 | Elf:2    | Found a runed translucent gate.
 27564 | Elf:2    | Reached XP level 17. HP: 152/158 MP: 0/31
 27614 | Elf:2    | Found a runed translucent gate.
 27614 | Elf:2    | Found a runed translucent gate.
 28239 | Elf:2    | Gained Ugrim as an ally
 29373 | Snake:1  | Entered Level 1 of the Snake Pit
 29823 | Snake:1  | Gained Bogmar as an ally
 30108 | Snake:1  | Found Wyviopn's Weapon Emporium.
 30112 | Snake:1  | Found Vuanok's Assorted Antiques.
 30119 | Snake:1  | Bought a potion of heal wounds for 185 gold pieces
 30286 | Snake:1  | Noticed Aizul
 30289 | Snake:1  | Killed Aizul
 31322 | Snake:2  | Found Fuagoal's Weapon Boutique.
 31322 | Snake:2  | Found Zaemiuwk's Book Shop.
 31323 | Snake:2  | Found Hiwaampo's Book Boutique.
 31327 | Snake:2  | Found Jitwauc's Magic Scroll Shop.
 31333 | Snake:2  | Bought a scroll of blinking for 75 gold pieces
 31360 | Snake:2  | Found a runed translucent door.
 31360 | Snake:2  | Noticed Dadghomedgh's ghost (adept GnWz)
 31416 | Snake:2  | Gained Argrim as an ally
 32710 | Snake:2  | Killed Dadghomedgh's ghost
 32711 | Snake:2  | Reached skill level 15 in Armour
 33211 | Snake:3  | Identified the +1 pair of gloves of Kacaetod {rN++ Str+6
                  | Int-4}
 33478 | Snake:3  | Reached XP level 18. HP: 163/169 MP: 1/32
 33554 | Snake:3  | Reached skill level 10 in Shields
 33894 | Snake:4  | Entered Level 4 of the Snake Pit
 33987 | Snake:4  | Found a white marble altar of Elyvilon.
 34678 | Snake:4  | Reached skill level 21 in Invocations
 34701 | Snake:4  | Your ally Argrim died
 34708 | Snake:4  | Your ally Urtork died
 34710 | Snake:4  | Your ally Korbok died
 34713 | Snake:4  | Your ally Bogmar died
 35185 | Snake:4  | Gained Boderik as an ally
 35766 | Snake:4  | Got a serpentine rune of Zot
 36056 | Shoals:1 | Entered Level 1 of the Shoals
 38588 | Shoals:2 | Noticed Donald
 38597 | Shoals:2 | Killed Donald
 38867 | Shoals:3 | Reached XP level 19. HP: 170/179 MP: 0/33
 39246 | Shoals:3 | Gained Oruk as an ally
 39719 | Shoals:3 | Reached skill level 22 in Invocations
 40325 | Shoals:4 | Entered Level 4 of the Shoals
 40464 | Shoals:4 | Your ally Oruk died
 41640 | Shoals:4 | Got a barnacled rune of Zot
 41688 | Shoals:4 | Identified the ring "Lepriuzod" {AC+4 Str+3 Int+4 Stlth+}
 42386 | Vaults:1 | Entered Level 1 of the Vaults
 42638 | Vaults:1 | Reached skill level 23 in Invocations
 43289 | Vaults:1 | Reached XP level 20. HP: 116/193 MP: 0/35
 43872 | Vaults:1 | Found Xokh's Antique Armour Boutique.
 44269 | Vaults:2 | Found Tis Heti's Assorted Antiques.
 44309 | Vaults:2 | Found a runed translucent door.
 44309 | Vaults:2 | Noticed vegansnacktivist's ghost (adept DDFi)
 44380 | Vaults:2 | Identified the +4 scale mail of Gilaul {Harm rPois rC-
                  | Str+2}
 44809 | Vaults:2 | Noticed Jory
 44813 | Vaults:2 | Killed Jory
 45333 | Vaults:2 | Reached skill level 15 in Shields
 45618 | Vaults:2 | Reached skill level 24 in Invocations
 46426 | Vaults:3 | Reached skill level 1 in Throwing
 46429 | Vaults:3 | Gained Wargrak as an ally
 46497 | Vaults:3 | Noticed Mara
 46502 | Vaults:3 | Killed Mara
 46735 | Vaults:3 | Your ally Wargrak died
 47048 | Vaults:3 | Found a staircase to the Crypt.
 47197 | Vaults:3 | Reached XP level 21. HP: 173/202 MP: 1/37
 47309 | Vaults:3 | Reached skill level 5 in Throwing
 47520 | Vaults:3 | Gained Korbok as an ally
 48263 | Vaults:4 | Found Vahuiry's Armour Boutique.
 48426 | Vaults:4 | Found Ydafiv's Distillery.
 48434 | Vaults:4 | Bought a potion of heal wounds for 100 gold pieces
 48434 | Vaults:4 | Bought a potion of heal wounds for 100 gold pieces
 48434 | Vaults:4 | Bought a potion of haste for 200 gold pieces
 48434 | Vaults:4 | Bought a potion of curing for 60 gold pieces
 48618 | Vaults:4 | Gained Oruk as an ally
 48934 | Vaults:4 | Reached skill level 25 in Invocations
 49201 | Vaults:4 | Noticed casual's ghost (veteran MiMo)
 49203 | Vaults:4 | Found a transporter.
 49254 | Vaults:4 | Found a transporter.
 49703 | Vaults:4 | Noticed Bai Suzhen
 49707 | Vaults:4 | Your ally Korbok died
 49709 | Vaults:4 | Killed Bai Suzhen
 49710 | Vaults:4 | Your ally Oruk died
 50008 | Depths:1 | Entered Level 1 of the Depths
 50533 | Depths:1 | Paralysed by a floating eye for 4 turns
 51145 | Depths:1 | Found a one-way gate to the infinite horrors of the Abyss.
 51457 | Depths:1 | Identified the +1 hat of Ebyskuf {Str+4 Dex+4}
 51535 | Depths:1 | Found a radiant altar of Vehumet.
 52142 | Depths:2 | Found Noucihir's Demolitions Depot.
 52224 | Depths:2 | Bought a phial of floods for 640 gold pieces
 52334 | Depths:2 | Noticed a caustic shrike
 52341 | Depths:2 | Noticed a golden dragon
 52349 | Depths:2 | Killed a caustic shrike
 52364 | Depths:2 | Killed a golden dragon
 52417 | Depths:2 | Gained Oreg as an ally
 52418 | Depths:2 | Reached skill level 26 in Invocations
 52428 | Depths:2 | Reached XP level 22. HP: 82/217 MP: 0/39
 52651 | Depths:2 | Gained Brunolf as an ally
 52742 | Depths:2 | Found Big Baal Hell's Store.
 52748 | Depths:2 | Paralysed by a floating eye for 2 turns
 52762 | Depths:2 | Your ally Brunolf died
 52764 | Depths:2 | Your ally Oreg died
 53090 | Depths:2 | Noticed Louise
 53100 | Depths:2 | Killed Louise
 53573 | Depths:2 | Found Kiegom's Armour Boutique.
 53575 | Depths:2 | Noticed a juggernaut
 53579 | Depths:2 | Killed a juggernaut
 54203 | Depths:2 | Found a one-way gate leading to the halls of Pandemonium.
 54454 | Depths:3 | Found Noufoquk's Magic Scroll Emporium.
 54477 | Depths:3 | HP: 10/220 [spriggan defender/+4 lajatang of electrocution
                  | (5)]
 54479 | Depths:3 | Mangled by a walking earthen tome

Illustrated notes

Levels and vault maps discovered:
D:1:      dpeg_arrival_signposts, layout_basic
D:2:      cheibrodos_helix_gallery, layout_basic, kennysheep_generic_room_5
D:3:      layout_rooms, dreamdust_ecumenical_altar_hidden_monk_grotto,
          minmay_fractal_squares_5, uniq_natasha, uniq_sigmund
D:4:      layout_basic, grunt_gozag_statues, minivault_25,
          minmay_misc_feat_room, minmay_manual_mail
D:5:      layout_cave_pools, nicolae_wu_jian_glorious_leap,
          nicolae_tso_besieged_by_evil, st_stairs_6, water_maze_lemuel
D:6:      layout_gridville, minmay_temple_entry_glass, grunt_ministairs_1
D:7:      layout_rooms, nicolae_uskayaw_murder_on_the_dancefloor, zin_purify,
          mainiacjoe_overflow_tiny_flanked, fedhas_altar_fruit_tree, uniq_harold
D:8:      layout_rooms, mainiacjoe_overflow_alcove_2, kb_xom_exploding_sheep
D:9:      layout_cave_pods, okawaru_trees_2, mainiacjoe_overflow_chevrons,
          serial_glass, glass_columns_b, glass_columns_a, serial_shops,
          nicolae_shop_waterfront, uniq_erolcha
D:10:     layout_cross, mainiacjoe_overflow_six_doors_small, lair_entry_dummy,
          serial_shops, shop_statue
D:11:     nzn_winding_woodlands_stair_cross
          [nzn_winding_woodlands_5x15_river_crossing,
          nzn_winding_woodlands_center_triple_pond,
          nzn_winding_woodlands_5x15_default,
          nzn_winding_woodlands_5x5_open_star, nzn_winding_woodlands_5x5_cross,
          nzn_winding_woodlands_5x15_garden, nzn_winding_woodlands_center_lodge,
          nzn_winding_woodlands_5x15_pathside_ponds], layout_loops_ring,
          orc_0_dummy
D:12:     layout_basic, gauntlet_entry_generic
D:13:     layout_cave_pods, erik_vaults_2, uniq_jorgrun, uniq_snorg
D:14:     layout_basic
D:15:     grunt_enter_depths_giant_problem, layout_small_grid,
          minmay_misc_feat_iff, uniq_rupert
Lair:1:   layout_long_grid, lemuel_fruit_tree, serial_bayou_shore_b,
          serial_bayou_shore_a, uniq_sonja
Lair:2:   layout_chaotic_city, nzn_ghost_randoct,
          chequers_serial_rivers_large_b, chequers_serial_rivers_room_a,
          beast_lair_carwin_8
Lair:3:   layout_gridlike, elwin_shoals_entry_rooms, beast_lair_carwin_10,
          grunt_megastairs_4
Lair:4:   layout_loops_ring, minmay_snake_entry_six_corridors,
          gammafunk_ghost_hydra_chop
Lair:5:   layout_roguey, beast_lair_carwin_2
Lair:6:   evil_forest, layout_loops_ring, minmay_slime_entry_pillars,
          grunt_forest_large_clearings
Shoals:1: layout_shoals
Shoals:2: layout_shoals, uniq_donald
Shoals:3: layout_shoals, nicolae_shoals_shepherds
Shoals:4: shoals_end_hellmonk_lost_city
Snake:1:  nicolae_snake_unarmed_stairs_patrol, layout_onion_interference,
          minmay_shop_star, uniq_aizul
Snake:2:  layout_chambers, gammafunk_ghost_grave, grunt_megastairs_1,
          minmay_shoptagon
Snake:3:  layout_concentric_octagons
Snake:4:  minmay_snake_end_coiled, layout_cave_town, basic_altar
Orc:1:    layout_diamond_mine, minmay_orc_keep
Orc:2:    pubby_orc_utopia
Elf:1:    eino_elf_arrival_the_gate, layout_gridlike, minmay_elf_crystal_hexagon
Elf:2:    nicolae_elf_blades_crystal_corner, layout_onion_city, serial_shops,
          shop, uniq_asterion
Vaults:1: vaults_mumra_hexcomb, vaults_room_fancy_cross,
          nicolae_vaults_rhombus_5, grunt_vaults_focal,
          nicolae_vaults_little_squares_6, nicolae_vaults_alarming,
          vaults_mumra_minichess_inversion, vaults_room_grunt_arrival_ludios,
          layout_vaults_omnigrid, serial_shops, nicolae_shop_waterfront
Vaults:2: gammafunk_ghost_grave, v_misc_33, nicolae_vaults_stairing_the_circle,
          nicolae_vaults_diagonal_hallway_7, nicolae_vaults_little_squares_6,
          nicolae_vaults_network_quinsquares
          [nicolae_vaults_network_quincunx_subvault,
          nicolae_vaults_network_quincunx_subvault,
          nicolae_vaults_network_quincunx_subvault,
          nicolae_vaults_network_quincunx_subvault], hangedman_vaults_locks,
          v_misc_23, vaults_room_pool, v_misc_19, ontoclasm_vaults_shuriken,
          v_misc_12, ontoclasm_vaults_decontamination,
          nicolae_vaults_diagonal_hallway_8, nicolae_vaults_rhombus_5,
          layout_vaults_omnicross, serial_shops, shop, uniq_jory
Vaults:3: st_lines, minmay_crypt_entry_simple_walls,
          nicolae_vaults_border_crossing, v_misc_11,
          hangedman_vaults_river_flow, ontoclasm_vaults_ring_small, v_misc_2,
          hangedman_vaults_maws, v_misc_16, v_misc_3, layout_vaults_ring,
          uniq_mara
Vaults:4: gammafunk_ghost_mausoleum, v_misc_13, st_cross,
          nicolae_vaults_little_squares_6, v_misc_9, serial_ice_g,
          nicolae_vaults_three_branches, ontoclasm_vaults_chip,
          vaults_mumra_chevron_long, nicolae_vaults_mini_display_case,
          layout_vaults_maze_snakey, serial_shops, nicolae_lakefront_shop,
          shop_fountains, uniq_bai_suzhen
Depths:1: hangedman_surveillance_ring, layout_honeycomb, hellmouth_2,
          abyss_entry, grunt_tower_of_power
Depths:2: minmay_expanding_squares, layout_basic,
          nicolae_hell_entry_big_baal_hell, minmay_misc_feat_roman,
          nicolae_abyss_entry_one_way_or_another, serial_shops,
          kennysheep_mini_moat, rand_demon_pan_entry_9, nicolae_blasting_shop,
          kennysheep_generic_room_6, firewood_loft
Depths:3: dpeg_oklob_shooting_range, layout_cave_pools, ziggurat_fallback,
          pf_coc_iceberg, infiniplex_staircase_pool_2, pan_entry, serial_shops,
          shop, abyss_entry

Skill      XL: |  1  2  3  4  5  6  7  8  9 10 11 12 13 14 15 16 17 18 19 20 21 22 |
---------------+-------------------------------------------------------------------+-----
Axes           | 3 5 7 8 11 13 16 | 16.0
Fighting       | 4 7 9 12 14 15 16 17 18 19 21 22 23 | 23.1
Armour         | 4 6 9 10 13 14 15 16 | 16.0
Shields        | 4 6 9 12 14 15 | 15.0
Invocations    | 2 6 8 9 13 17 19 20 21 23 24 26 | 26.5
Evocations     | 1 4 7 8 9 10 11 12 | 12.0
Dodging        | 1 2 4 6 |  6.0
Throwing       | 4 8 |  8.0

Action                   |  1- 3 |  4- 6 |  7- 9 | 10-12 | 13-15 | 16-18 | 19-21 | 22-24 || total
-------------------------+-------+-------+-------+-------+-------+-------+-------+-------++-------
Melee: War axe           |    78 |    99 |   220 |   332 |   714 |   760 |   930 |    86 ||  3219
       Hand axe          |       |       |       |       |     1 |       |       |       ||     1
Throw: Dart              |       |       |     1 |    12 |     4 |       |     7 |     5 ||    29
Invok: Convert to Beogh  |       |     1 |       |       |       |       |       |       ||     1
       Smiting           |       |       |       |     5 |    10 |    12 |    26 |     6 ||    59
       Recall Orcish Fol |       |       |       |     2 |     5 |    11 |    11 |     1 ||    30
       Give Item to Name |       |       |       |       |     1 |     6 |     2 |       ||     9
       Stop Recall       |       |       |       |       |     1 |    11 |    11 |     1 ||    24
       Resurrection      |       |       |       |       |       |       |     1 |       ||     1
  Use: Potion            |       |     1 |     2 |     1 |     6 |     5 |     3 |     2 ||    20
       Scroll            |       |       |     9 |     5 |    20 |    12 |     4 |     2 ||    52
 Stab: Paralysed         |       |       |       |     1 |     6 |       |       |       ||     7
       Distracted        |       |       |       |     1 |     7 |     6 |     8 |     1 ||    23
       Petrified         |       |       |       |       |     1 |       |       |       ||     1
       Invisible         |       |       |       |       |     1 |       |       |       ||     1
Armor: Scale mail        |    38 |    50 |    51 |       |       |       |       |       ||   139
       Ring mail         |       |       |    18 |    88 |   248 |       |       |       ||   354
       Plate armour      |       |       |       |       |       |   155 |       |       ||   155
       Gold dragon scale |       |       |       |       |       |   224 |   545 |   104 ||   873
Dodge: Dodged            |    36 |    54 |    72 |    96 |   268 |   162 |   207 |    25 ||   920
Block: Buckler           |    24 |    33 |    52 |    88 |   251 |    39 |       |       ||   487
       Kite shield       |       |       |       |       |       |   466 |   711 |    68 ||  1245
